 Dungeon Crawl Stone Soup version 0.20.1-1-g8b1a95d (webtiles) character file.

259 dohliylev the Covert (level 5, -1/38 HPs)
             Began as a Vampire Assassin on Dec 3, 2017.
             Slain by an orc wizard
             ... wielding a +0 dagger
              (6 damage)
             ... on level 5 of the Dungeon.
             The game lasted 00:10:12 (3467 turns).

dohliylev the Covert (Vampire Assassin)             Turns: 3467, Time: 00:10:13

Health: -1/38      AC:  0    Str: 10    XL:     5   Next: 95%
Magic:  5/5        EV:  7    Int: 14    God:
Gold:   214        SH: 10    Dex: 16    Spells: 4/4 levels left

rFire    . . .     SeeInvis +   a - +0 dagger (venom)
rCold    . . .     Gourm    .   s - +0 large shield
rNeg     . . .     Faith    .   c - +0 robe
rPois    .         Spirit   .   (no helmet)
rElec    .         Reflect  .   d - +0 cloak
rCorr    .         Harm     .   (no gloves)
MR       .....                  (no boots)
Stlth    +++++.....             (no amulet)
Regen    0.4/turn               p - -3 ring of protection (curse)
MPRegen  0.1/turn               (no ring)

@: regenerating quickly
A: fangs 3, see invisible, unbreathing
a: no special abilities


You were on level 5 of the Dungeon.
You were full.

You visited 1 branch of the dungeon, and saw 5 of its levels.

You collected 214 gold pieces.

Inventory:

Hand Weapons
 a - a +0 dagger of venom (weapon)
 b - a +0 blowgun
 q - a +2 dagger of pain
Missiles
 e - 5 poisoned needles
 f - 8 curare-tipped needles
Armour
 c - a +0 robe (worn)
 d - a +0 cloak (worn)
 s - a +0 large shield (worn)
Jewellery
 p - a cursed -3 ring of protection (left hand)
Scrolls
 h - 4 scrolls of identify {unknown}
 i - 4 scrolls of teleportation {unknown}
 n - 2 scrolls of amnesia {unknown}
 o - 2 scrolls of remove curse {unknown}
 r - a scroll of enchant armour {unknown}
Potions
 g - 2 potions of blood
 j - a potion of haste {unknown}
 k - 2 potions of berserk rage {unknown}
 l - 3 potions of curing
 m - a potion of brilliance {unknown}
 t - a potion of might {unknown}
 u - a potion of agility {unknown}


   Skills:
 - Level 1.7 Fighting
 - Level 2.1 Short Blades
 - Level 1.5 Throwing
 + Level 1.5 Dodging
 + Level 10.7 Stealth


You had 4 spell levels left.
You didn't know any spells.

Dungeon Overview and Level Annotations

Branches:
Dungeon (5/15)
 Temple: D:4-7

Altars:
Qazlal

Annotations:
D:4 Mojopoop's ghost, amateur HuWn


Innate Abilities, Weirdness & Mutations

Your natural rate of healing is unusually fast.
You have razor-sharp teeth.
You have supernaturally acute eyesight. (SInv)
You can survive without breathing.


Message History

The magic dart hits you!
You barely miss the orc. You block the orc's attack.
You hit the orc.
The orc is poisoned.
The orc is moderately wounded.
The orc hits you. You block the orc's attack.
Your shield prevents you from hitting the orc.
The orc is heavily wounded.
The orc hits you.
You hit the orc but do no damage.
The orc looks as sick as possible!
The orc is heavily wounded.
You kill the orc!
The orc wizard casts a spell at you. The puff of frost hits you!
* * * LOW HITPOINT WARNING * * *
The orc wizard casts a spell at you. The puff of frost misses you.
You see here a leather armour.
You hit the orc wizard but do no damage.
The orc wizard is poisoned.
The orc wizard hits you with a dagger.
You die...

#....l.o....# #.# #...
#.#########.# #.#####.## ###...#
#...##########.#....... ....#.#
#l#.................... .##o#.#
#.#.##.........#.###.## ..#.# # #
#..#.#########.# #+## ..#l#
#......# #.##.... ..#.# #..#o#.#
#####.#..... ....# #..#@#.# #..
..#.. .. ....# #..#.#l# #.#
###.####
..#.#########..#...###.#####ยง...
>.+....l.o..................#####
..###....#.....#######..........#
. #....####### #.......##.# .
###### #.......##.# #.......##l#
#........#.#


You could see an orc wizard.

Vanquished Creatures
  A crimson imp (D:4)
  Terence (D:2)
  A worker ant (D:3)
  3 gnolls (D:2)
  8 adders
  A worm (D:2)
  A dart slug (D:2)
  2 leopard geckos (D:2)
  An orc (D:5)
  6 bats
  3 giant cockroaches
  9 goblins
  6 hobgoblins
  6 jackals
  3 quokkas
  7 frilled lizards
  3 kobolds
  11 rats
  A plant (D:2)
74 creatures vanquished.

Notes
Turn   | Place    | Note
-------+----------+-------------------------------------------
     0 | D:1      | dohliylev the Vampire Assassin began the quest for the Orb.
     0 | D:1      | Reached XP level 1. HP: 16/16 MP: 1/1
     2 | D:1      | Noticed a vampire
     2 | D:1      | Noticed a minotaur
     4 | D:1      | Noticed a vine stalker
     4 | D:1      | Noticed a naga
     6 | D:1      | Noticed a dwarf
     6 | D:1      | Noticed a merfolk
     8 | D:1      | Noticed an octopode
     8 | D:1      | Noticed a tengu
    10 | D:1      | Noticed an ogre
    10 | D:1      | Noticed a halfling
    12 | D:1      | Noticed a centaur
    14 | D:1      | Noticed a demonspawn
    16 | D:1      | Noticed a draconian
    16 | D:1      | Noticed a ghoul
    18 | D:1      | Noticed a troll
    18 | D:1      | Noticed a felid
    20 | D:1      | Noticed a spriggan
    20 | D:1      | Noticed a demigod
    22 | D:1      | Noticed a human
    24 | D:1      | Noticed an elf
    24 | D:1      | Noticed a gargoyle
    26 | D:1      | Noticed a formicid
    43 | D:1      | Reached skill level 6 in Stealth
   107 | D:1      | Reached XP level 2. HP: 22/22 MP: 2/2
   383 | D:1      | Reached skill level 7 in Stealth
   820 | D:2      | Noticed Terence
   828 | D:2      | Killed Terence
   828 | D:2      | Reached skill level 8 in Stealth
   828 | D:2      | Reached XP level 3. HP: 27/27 MP: 3/3
   882 | D:2      | Reached XP level 4. HP: 23/33 MP: 4/4
   976 | D:2      | Reached skill level 9 in Stealth
  1714 | D:2      | Reached XP level 5. HP: 35/38 MP: 5/5
  2725 | D:3      | Reached skill level 10 in Stealth
  2764 | D:3      | Found a stormy altar of Qazlal.
  3089 | D:4      | Noticed Mojopoop's ghost (amateur HuWn)
  3106 | D:5      | Entered Level 5 of the Dungeon
  3467 | D:5      | Slain by an orc wizard

Skill      XL: |  1  2  3  4  5 |
---------------+----------------+-----
Stealth        | 6 8 9 10 | 10.7
Fighting       | |  1.7
Short Blades   | |  2.1
Throwing       | |  1.5
Dodging        | |  1.5

Action                   |  1- 3 |  4- 6 || total
-------------------------+-------+-------++-------
Melee: Dagger            |    76 |   169 ||   245
       Bite              |     5 |    18 ||    23
 Fire: Blowgun           |     3 |    25 ||    28
 Abil: End Transformatio |       |     2 ||     2
       Bat Form          |       |     2 ||     2
  Use: Potion            |       |     1 ||     1
 Stab: Sleeping          |     7 |    12 ||    19
  Eat: Corpse            |     4 |    12 ||    16
Armor: Robe              |    38 |    11 ||    49
Dodge: Dodged            |    48 |    71 ||   119
Block: Large shield      |       |    48 ||    48
